 Dungeon Crawl Stone Soup version 0.23.1 (webtiles) character file.

Game seed: 913328748343817998

20705 Borgoz the Fighter (level 12, -5/103 HPs)
             Began as a Ghoul Enchanter on Mar 6, 2019.
             Was a Believer of Ashenzari.
             Slain by a red ugly thing (6 damage)
             ... on level 11 of the Dungeon.
             The game lasted 00:42:43 (14535 turns).

Borgoz the Fighter (Ghoul Enchanter)               Turns: 14535, Time: 00:42:44

Health: -5/103     AC: 12    Str: 16    XL:     12   Next: 82%
Magic:  18/20      EV: 18    Int: 11    God:    Ashenzari [**....]
Gold:   732        SH:  0    Dex: 15    Spells: 17/23 levels left

rFire    + . .     SeeInvis .   a - +3 dagger (elec) (curse)
rCold    + . .     Gourm    .   (no shield)
rNeg     + + +     Faith    .   n - +1 ring mail of Recklessness {rElec rF+ Dex+3} (curse)
rPois    ∞         Spirit   .   o - +1 hat
rElec    +         Reflect  .   (no cloak)
rCorr    .         Harm     .   (no gloves)
MR       .....                  G - +2 pair of boots (curse)
Stlth    +++.......             x - amulet of the acrobat
HPRegen  0.00/turn              A - +3 ring of strength
MPRegen  0.17/turn              b - +3 ring of evasion

@: very slightly contaminated, rotting
A: rotting body, claws 1, carnivore, cold resistance 1, negative energy
resistance 3, inhibited regeneration, torment resistance, unbreathing
a: Curse Item, Scrying, Renounce Religion


You were on level 11 of the Dungeon.
You worshipped Ashenzari.
Ashenzari was pleased with you.
You were not hungry.

You visited 3 branches of the dungeon, and saw 14 of its levels.
You also visited: Ice Cave.

You collected 732 gold pieces.

Inventory:

Hand Weapons
 a - a cursed +3 dagger of electrocution (weapon)
Missiles
 i - 8 tomahawks (quivered)
Armour
 n - the cursed +1 ring mail of Recklessness (worn) {rElec rF+ Dex+3}
   (You found it on level 4 of the Dungeon)

   It affects your dexterity (+3).
   It protects you from fire.
   It insulates you from electricity.
   It has a curse placed upon it.
 o - a +1 hat (worn)
 G - a cursed +2 pair of boots (worn)
Jewellery
 b - a +3 ring of evasion (right claw)
 c - an uncursed ring of protection from cold
 f - a +4 amulet of reflection
 x - an amulet of the acrobat (around neck)
 A - a +3 ring of strength (left claw)
Wands
 g - a wand of flame (95)
 r - a wand of disintegration (11)
 K - a wand of iceblast (7)
Scrolls
 e - 4 scrolls of remove curse
 m - 2 scrolls of magic mapping
 w - a scroll of fear
 y - 2 scrolls of identify
Potions
 q - a potion of flight
 B - a potion of magic
Comestibles
 d - 21 rations


   Skills:
 + Level 8.9 Fighting
 + Level 8.6(10.9) Short Blades
 + Level 7.5 Armour
 + Level 7.8 Dodging
 + Level 8.5 Stealth
 - Level 1.6 Unarmed Combat
 + Level 6.4 Spellcasting
 + Level 6.7 Hexes


You had 17 spell levels left.
You knew the following spells:

 Your Spells              Type           Power        Failure   Level  Hunger
a - Corona                Hex            ###....      1%          1    None
b - Ensorcelled Hibernat  Hex/Ice        ##....       12%         2    ##.....
c - Confuse               Hex            ###.....     6%          3    ###....

Your spell library contained the following spells:

 Spells                   Type           Power        Failure   Level  Hunger
 Confusing Touch          Hex            ###...       1%          1    None
 Slow                     Hex            ###.....     3%          2    ##.....
 Tukima's Dance           Hex            ###.....     6%          3    ###....
 Cause Fear               Hex            ###.......   21%         4    ####...
 Dazzling Spray           Conj/Hex       ##....       24%         3    ###....
 Animate Skeleton         Necr           N/A          32%         1    None
 Magic Dart               Conj           #...         32%         1    None
 Pain                     Necr           #...         32%         1    None
 Sting                    Conj/Pois      #...         32%         1    None
 Blink                    Tloc           N/A          43%         2    ##.....
 Call Imp                 Summ           #.......     43%         2    ##.....
 Conjure Flame            Conj/Fire      #.......     67%         3    ###....
 Mephitic Cloud           Conj/Pois/Air  #.......     67%         3    ###....
 Regeneration             Chrm/Necr      #.........   67%         3    ###....
 Vampiric Draining        Necr           #.........   67%         3    ###....
 Metabolic Englaciation   Hex/Ice        ##........   92%         5    ######.
 Animate Dead             Necr           N/A          97%         4    ####...
 Darkness                 Hex            ###.......   97%         6    #######
 Bolt of Cold             Conj/Ice       #.........   100%        6    #######
 Freezing Cloud           Conj/Ice/Air   #.........   100%        6    #######
 Ozocubu's Refrigeration  Ice            #.........   100%        6    #######
 Simulacrum               Ice/Necr       #.........   100%        6    #######
 Ice Form                 Ice/Tmut       Unusable     N/A         4    N/A

Dungeon Overview and Level Annotations

Branches:
Dungeon (11/15)            Temple (1/1) D:6            Lair (2/6) D:10
    Orc (0/2) D:9
  Swamp: Lair:2-4    Shoals: Lair:2-4     Snake: Lair:2-4    Spider: Lair:2-4

Altars:
Ashenzari
Cheibriados
Dithmenos
Elyvilon
Fedhas
Gozag
Hepliaklqana
Kikubaaqudgha
Makhleb
Nemelex Xobeh
Okawaru
Qazlal
Ru
Sif Muna
Trog
Uskayaw
Vehumet
Wu Jian
Xom
Yredelemnul
Zin
The Shining One

Shops:
D:5 *


Innate Abilities, Weirdness & Mutations

Your body is rotting away.
You thrive on raw meat.
You are immune to poison.
You have sharp fingernails.
You are carnivorous and can eat meat at any time.
Your flesh is cold resistant. (rC+)
You are immune to negative energy. (rN+++)
You do not regenerate when monsters are visible.
You are immune to unholy pain and torment.
You can survive without breathing.


Message History

Aim: a red ugly thing (chance to defeat MR: 31%)
Okay, then.
Casting: Confuse (safe; 6% risk of failure)
Confirm with . or Enter, or press ? or * to list all spells.
You don't know that spell.
Casting: Confuse (safe; 6% risk of failure)
Confirm with . or Enter, or press ? or * to list all spells.
Aiming: Ensorcelled Hibernation (safe; 12% risk of failure)
Press: ? - help, Shift-Dir - straight line, f/p - red ugly thing
Aim: a red ugly thing (chance to defeat MR: 25%)
Okay, then.
Casting: Ensorcelled Hibernation (safe; 12% risk of failure)
Confirm with . or Enter, or press ? or * to list all spells.
Aiming: Confuse (safe; 6% risk of failure)
Press: ? - help, Shift-Dir - straight line, f/p - red ugly thing
Aim: a red ugly thing (chance to defeat MR: 31%)
You miscast Confuse.
Your skin glows momentarily.
The red ugly thing bites you.
* * * LOW HITPOINT WARNING * * *
You are engulfed in flames.
You resist.
You die...

..#### ##.............
### #### #..............
#####..# #.............#
####......#
#...........##
##.........#
#..........##
...........#
#..........#
..........##
#..........# ..........#
#..#......## .........##
##@###.....# .........#
#u## *#....# ........##
#K### ##..# .....5{.#
##K{.## ### ...5K{{##
####.....####*
......#####.{..........#
...5KK()u(K....?........
,
.....#######............
##..## ##............. ,


You could see a red ugly thing and 2 big kobolds.

Vanquished Creatures
  A frost giant (IceCv)
  A hydra (Lair:1)
  3 death yaks (IceCv)
  Pikel (D:8)
  An ugly thing (D:11)
  An ice statue (IceCv)
  Psyche (D:8)
  A gargoyle (D:11)
  A kobold demonologist (D:11)
  2 komodo dragons (Lair:1)
  A troll (D:11)
  15 polar bears (IceCv)
  Grinder (D:4)
  2 hornets (D:11)
  3 hippogriffs
  A wraith (D:11)
  14 yaks (IceCv)
  A basilisk (Lair:1)
  Menkaure (D:4)
  3 wargs (D:10)
  2 soldier ants (D:11)
  Duvessa (D:4)
  A water moccasin (Lair:1)
  A porcupine (Lair:1)
  2 sky beasts
  2 black bears
  3 ice beasts
  A phantom (D:11)
  20 wolves (IceCv)
  6 centaurs
  3 crocodiles
  3 big kobolds
  7 bullfrogs
  2 gnoll sergeants
  A wyvern zombie (D:8)
  Dowan (D:4)
  A water moccasin zombie (D:7)
  4 scorpions
  8 killer bees
  13 wights
  2 howler monkeys (D:4)
  2 crimson imps
  4 hounds
  6 orc wizards
  2 jellies
  8 orc priests
  2 bullfrog skeletons
  2 centaur skeletons
  2 gnoll shamans (D:7)
  Jessica (D:3)
  2 iguanas (D:4)
  7 worker ants
  2 hound zombies
  A hound skeleton (D:11)
  22 gnolls
  A howler monkey skeleton (D:9)
  7 adders
  3 shadow imps
  3 oozes
  An adder skeleton (D:5)
  2 worms (D:2)
  4 dart slugs
  7 leopard geckos
  27 orcs
  3 ball pythons
  3 bats
  A giant cockroach (D:1)
  10 goblins
  11 hobgoblins
  3 jackals (D:1)
  5 quokkas
  2 frilled lizards
  A jackal zombie (D:5)
  17 kobolds
  8 rats
321 creatures vanquished.

Vanquished Creatures (others)
  A bullfrog (D:8)
  An orc (D:3)
  A fungus (Lair:1)
3 creatures vanquished.

Grand Total: 324 creatures vanquished

Notes
Turn   | Place    | Note
-------+----------+-------------------------------------------
     0 | D:1      | Borgoz the Ghoul Enchanter began the quest for the Orb.
     0 | D:1      | Reached XP level 1. HP: 14/14 MP: 2/2
   167 | D:1      | Reached XP level 2. HP: 18/22 MP: 3/3
   240 | D:1      | Reached skill level 1 in Fighting
   256 | D:1      | Reached skill level 1 in Unarmed Combat
   329 | D:1      | Found a shattered altar of Ashenzari.
   354 | D:1      | Became a worshipper of Ashenzari the Shackled
   456 | D:1      | Reached XP level 3. HP: 24/28 MP: 4/4
   468 | D:1      | Learned a level 2 spell: Ensorcelled Hibernation
  1200 | D:2      | Noticed a scorpion
  1207 | D:2      | Killed a scorpion
  1207 | D:2      | Reached skill level 1 in Short Blades
  1207 | D:2      | Reached skill level 1 in Armour
  1207 | D:2      | Reached XP level 4. HP: 13/35 MP: 0/5
  1397 | D:2      | Found a blossoming altar of Fedhas.
  1401 | D:2      | Found an ancient bone altar of Kikubaaqudgha.
  1963 | D:3      | Found a bloodstained altar of Trog.
  1980 | D:3      | Reached XP level 5. HP: 26/40 MP: 6/6
  2012 | D:3      | Found a sacrificial altar of Ru.
  2119 | D:3      | Noticed Jessica
  2178 | D:3      | Killed Jessica
  2179 | D:3      | Reached XP level 6. HP: 14/50 MP: 7/7
  2624 | D:4      | Noticed Menkaure
  2967 | D:4      | Learned a level 3 spell: Confuse
  2993 | D:4      | Reached XP level 7. HP: 56/56 MP: 8/8
  3142 | D:4      | Got the cursed ring mail of Recklessness {rElec rF+ Dex+3}
  3153 | D:4      | Identified the cursed +1 ring mail of Recklessness {rElec
                  | rF+ Dex+3} (You found it on level 4 of the Dungeon)
  3185 | D:4      | Noticed Grinder
  3186 | D:4      | Paralysed by Grinder for 6 turns
  3217 | D:4      | Killed Grinder
  3360 | D:4      | Noticed Dowan
  3365 | D:4      | Noticed Duvessa
  3390 | D:4      | Killed Duvessa
  3390 | D:4      | Reached XP level 8. HP: 43/65 MP: 10/10
  3395 | D:4      | Killed Dowan
  3537 | D:4      | Reached * piety under Ashenzari
  3666 | D:5      | Entered Level 5 of the Dungeon
  3953 | D:5      | Reached skill level 5 in Short Blades
  3993 | D:5      | Found Togaempa's Assorted Antiques.
  4084 | D:5      | Found a deep blue altar of Sif Muna.
  4528 | D:6      | Found a shadowy altar of Dithmenos.
  4615 | D:6      | Found a staircase to the Ecumenical Temple.
  4625 | Temple   | Entered the Ecumenical Temple
  4930 | D:6      | Reached XP level 9. HP: 73/73 MP: 12/12
  5208 | D:7      | Reached skill level 5 in Fighting
  5564 | D:7      | Found a blossoming altar of Fedhas.
  5613 | D:7      | Reached ** piety under Ashenzari
  5781 | D:7      | Found a hazy altar of Hepliaklqana.
  6318 | D:8      | Reached skill level 5 in Dodging
  6415 | D:8      | Found an iron altar of Okawaru.
  6433 | D:8      | Noticed Psyche
  6434 | D:8      | Noticed Pikel
  6456 | D:8      | Paralysed by Pikel for 3 turns
  6681 | D:8      | Paralysed by Pikel for 4 turns
  6694 | D:8      | Killed Pikel
  6694 | D:8      | Reached XP level 10. HP: 31/83 MP: 10/14
  6708 | D:8      | Killed Psyche
  6708 | D:8      | Reached skill level 5 in Armour
  7226 | D:4      | Killed Menkaure
  7722 | D:9      | Found a sparkling altar of Nemelex Xobeh.
  7746 | D:9      | Reached skill level 5 in Stealth
  7856 | D:9      | Found a glowing silver altar of Zin.
  7925 | D:9      | Found a shattered altar of Ashenzari.
  8139 | D:9      | Found a staircase to the Orcish Mines.
  8329 | D:10     | Entered Level 10 of the Dungeon
  9048 | D:10     | Found a staircase to the Lair.
  9633 | D:9      | Found an opulent altar of Gozag.
  9686 | D:11     | Reached skill level 5 in Hexes
  9838 | D:11     | Noticed a gargoyle
  9843 | D:11     | Killed a gargoyle
 10153 | D:11     | Reached XP level 11. HP: 84/87 MP: 17/17
 10291 | D:11     | Reached skill level 5 in Spellcasting
 10301 | D:11     | Reached *** piety under Ashenzari
 10335 | D:11     | Noticed a white ugly thing
 10389 | D:11     | Noticed a two-headed ogre
 10770 | Lair:1   | Entered Level 1 of the Lair of Beasts
 10928 | Lair:1   | Found a frozen archway.
 10952 | IceCv    | Entered an ice cave
 11278 | IceCv    | Noticed a death yak
 11288 | IceCv    | Killed a death yak
 12142 | IceCv    | Reached XP level 12. HP: 54/100 MP: 19/19
 12149 | IceCv    | HP: 4/100 [something] (12)]
 12624 | IceCv    | Noticed a death yak
 12687 | IceCv    | Killed a death yak
 12912 | IceCv    | Noticed a frost giant
 12912 | IceCv    | Noticed a death yak
 13019 | IceCv    | Killed a frost giant
 13433 | IceCv    | Killed a death yak
 13461 | IceCv    | Identified the Guide on Nocuous Enchantment
 13562 | Lair:1   | Noticed a four-headed hydra
 13581 | Lair:1   | Killed a four-headed hydra
 13896 | Lair:2   | Noticed a six-headed hydra
 14534 | D:11     | HP: 5/103 [red ugly thing (8)]
 14535 | D:11     | HP: 1/103 [red ugly thing (4)]
 14535 | D:11     | Slain by a red ugly thing

Skill      XL: |  1  2  3  4  5  6  7  8  9 10 11 12 |
---------------+-------------------------------------+-----
Fighting       | 1 2 3 4 5 6 8 |  8.9
Unarmed Combat | 1 |  1.6
Dodging        | 2 3 4 5 6 7 |  7.8
Short Blades   | 1 2 3 4 5 6 7 8 |  8.6
Armour         | 1 2 3 4 5 6 7 |  7.5
Spellcasting   | 2 3 4 5 6 |  6.4
Hexes          | 3 4 5 6 |  6.7
Stealth        | 4 5 7 8 |  8.5

Action                   |  1- 3 |  4- 6 |  7- 9 | 10-12 || total
-------------------------+-------+-------+-------+-------++-------
Melee: Unarmed           |   126 |       |       |       ||   126
       Dagger            |     1 |   168 |   462 |  1059 ||  1690
       Punch             |       |     1 |     4 |     8 ||    13
Throw: Tomahawk          |       |       |       |     2 ||     2
 Cast: Ensorcelled Hiber |     3 |     3 |     3 |    30 ||    39
       Confuse           |       |       |       |    13 ||    13
Invok: Curse Item        |       |     1 |       |     2 ||     3
Evoke: Wand              |       |       |     1 |    17 ||    18
  Use: Potion            |       |     5 |     1 |    12 ||    18
       Scroll            |       |     4 |     8 |    17 ||    29
 Stab: Sleeping          |     6 |     2 |     4 |    31 ||    43
       Distracted        |       |     1 |       |     1 ||     2
       Confused          |       |       |       |     6 ||     6
  Eat: Chunk             |     5 |    19 |    39 |   120 ||   183
Armor: Leather armour    |    23 |    32 |     2 |       ||    57
       Ring mail         |       |       |   163 |   263 ||   426
Dodge: Dodged            |    60 |   110 |   269 |   745 ||  1184
Block: Other             |       |     6 |    72 |    47 ||   125
       Reflection        |       |       |     5 |       ||     5
